 Dungeon Crawl Stone Soup version 0.31-a0-4-gefa6de2278 (webtiles) character file.

Game seed: 9147475594453480931

51 Pimp the Conjurer (level 3, -7/24 HPs)
             Began as a Demonspawn Conjurer on May 5, 2023.
             Mangled by a gnoll
             ... wielding a +0 flail
              (9 damage)
             ... on level 2 of the Dungeon.
             The game lasted 00:04:32 (2003 turns).

Pimp the Conjurer (Demonspawn Conjurer)             Turns: 2003, Time: 00:04:32

Health: -7/24      AC:  2    Str:  7    XL:     3   Next: 58%
Magic:  6/6        EV: 12    Int: 21    God:
Gold:   43         SH:  0    Dex: 11    Spells: 1/7 levels left

rFire   . . .        d - +0 whip
rCold   . . .        (no shield)
rNeg    . . .        a - +0 robe
rPois   .            (helmet restricted)
rElec   .            (no cloak)
rCorr   .            (no gloves)
SInv    .            (no boots)
Will    .....        (no amulet)
Stlth   ++           (no ring)
HPRegen 0.24/turn    (no ring)
MPRegen 0.10/turn

%: no passive effects
@: about to teleport
A: horns 1, powered by death 1
a: no special abilities


You were on level 2 of the Dungeon.
You visited 1 branch of the dungeon, and saw 2 of its levels.

You collected 43 gold pieces.

Inventory:

Hand Weapons
 d - a +0 whip (weapon)
Armour
 a - a +0 robe (worn)
Magical Staves
 e - a staff of poison
Jewellery
 c - a ring of willpower
Scrolls
 f - a scroll of vulnerability
Potions
 b - 2 potions of curing {unknown}
 g - a potion of ambrosia {unknown}


   Skills:
 + Level 2.3 Dodging
 + Level 2.4 Stealth
 + Level 2.5 Spellcasting
 + Level 4.3 Conjurations


You had one spell level left.
You knew the following spells:

 Your Spells              Type           Power      Damage    Failure   Level
a - Magic Dart            Conj           80%        1d7       2%          1
b - Dazzling Flash        Conj/Hex       22%        N/A       17%         3
c - Searing Ray           Conj           40%        2d5       3%          2

Your spell library contained the following spells:

 Spells                   Type           Power      Damage    Failure   Level
 Apportation              Tloc           4%         N/A       14%         1
 Necrotise                Necr           8%         1d4       14%         1
 Summon Small Mammal      Summ           8%         N/A       14%         1
 Fulminant Prism          Conj/Hex       5%         3d7       50%         4
 Iskenderun's Mystic Bla  Conj/Tloc      11%        2d4       50%         4


Dungeon Overview and Level Annotations

Branches:
Dungeon (2/15)

Altars:

Annotations:
D:2 Sigmund


Innate Abilities, Weirdness & Mutations

You have a pair of small horns on your head.
You regenerate a little health from kills.


Message History

You kill the jackal!
You start resting.
HP restored.
You start resting.
Magic restored.
Memorise Searing Ray, consuming 2 spell levels and leaving 1?
You start memorising the spell.
You continue memorising. x2
You finish memorising.
Spell assigned to 'c'.
Found a stone staircase leading down.
You now have 21 gold pieces (gained 4).
You now have 29 gold pieces (gained 8).
A ball python comes into view.
A ball python is nearby!
A ball python is nearby!
There is a stone staircase leading down here.
You hit the ball python.
You kill the ball python!
Casting: Magic Dart (safe; 2% risk of failure)
Confirm with . or Enter, or press ? or * to list all spells.
You can't see any susceptible monsters within range! (Use Z to cast anyway.)
You now have 43 gold pieces (gained 14).
Found a leather armour.
You see here a +0 leather armour.
You see here a bat skeleton.
You open the door.
Found 7 stones.
A goblin comes into view. It is wielding a +0 club.
Found a leather armour and 11 gold pieces.
There is an open door here.
A hobgoblin and a gnoll come into view.
The gnoll shouts!
The gnoll hits you with a +0 flail!
The hobgoblin shouts!
Found 12 gold pieces.
The gnoll hits you with a +0 flail!
* * * LOW HITPOINT WARNING * * *
The goblin barely misses you. The hobgoblin hits you.
* * * LOW HITPOINT WARNING * * *
As you read the scroll of teleportation, it crumbles to dust.
You feel strangely unstable. The gnoll hits you with a +0 flail!
You die...

#.# #.##...##.##.##### #.######
#.##.............# .
#......###.##..#...#.####.#.#
#####...#>.#..###..#>####.#.
#........##$##...##.. .
#...#.....#.#....##.#.#
####...#.##.##.#..#.#.#
#..####...####.....#
#.##$...g@..(##..###
#.÷####.gg#'##...####
#÷..#.##.##.#.......######
#######......#.#.......##......#
.#...........##$##...^..##.......
..............###....##.........#
##.............#...#.##.##......#
#######...###..........##.†....#
##÷..#########.......####.#


You could see a gnoll, a hobgoblin and a goblin.

Vanquished Creatures
  A dart slug (D:1)
  7 bats
  3 endoplasms (D:1)
  5 giant cockroaches (D:1)
  4 hobgoblins
  4 jackals
  2 kobolds (D:1)
  A quokka (D:1)
  10 ball pythons
  4 frilled lizards
  5 rats
46 creatures vanquished.

Notes
Turn   | Place    | Note
-------+----------+-------------------------------------------
     0 | D:1      | Pimp the Demonspawn Conjurer began the quest for the Orb.
     0 | D:1      | Reached XP level 1. HP: 13/13 MP: 3/3
   121 | D:1      | Found a faded altar of an unknown god.
   177 | D:1      | Gained mutation: You regenerate a little health from kills.
                  | [demonic ancestry]
   177 | D:1      | Reached XP level 2. HP: 19/19 MP: 3/5
   746 | D:1      | Gained mutation: You have a pair of small horns on your
                  | head. [demonic ancestry]
   746 | D:1      | Reached XP level 3. HP: 24/24 MP: 4/6
  1512 | D:2      | Noticed Sigmund
  1571 | D:1      | Learned a level 3 spell: Dazzling Flash
  1942 | D:2      | Learned a level 2 spell: Searing Ray
  2003 | D:2      | Mangled by a gnoll

Illustrated notes

Levels and vault maps discovered:
D:1:      mushboom_english_gardens, layout_basic,
          hellmonk_ecumenical_altar_arch_garden
D:2:      layout_loops_cross, minmay_fractal_squares_gapless_5, uniq_sigmund

Skill      XL: |  1 |
---------------+----+-----
Dodging        | 2 |  2.3
Stealth        | 2 |  2.4
Spellcasting   | |  2.5
Conjurations   | |  4.3

Action                     || total
---------------------------++-------
  Melee: Unarmed           ||     8
         Whip              ||    56
         Headbutt          ||     3
   Cast: Magic Dart        ||    68
    Use: Potion            ||     2
         Scroll            ||     5
   Stab: Sleeping          ||     1
 Armour: Robe              ||    29
  Dodge: Dodged            ||    81

Table legend: (Time is in decaauts)
 A = Elapsed time spent in this place.
 B = Non-inter-level travel time spent in this place.
 C = Inter-level travel time spent in this place.
 D = Time resting spent in this place.
 E = Time spent auto-exploring this place.
 F = Levels seen in this place.
 G = Mean time per level.
                   A        B        C        D        E       F      G
               +--------+--------+--------+--------+--------+-----+--------+
         Total |   2008 |   1960 |     48 |    512 |   1023 |   2 | 1004.0 |
       Dungeon |   2008 |   1960 |     48 |    512 |   1023 |   2 | 1004.0 |
               +--------+--------+--------+--------+--------+-----+--------+

Top non-repeatable levels by time:
     D:1: 1583 daAuts
     D:2: 425 daAuts
